 Dungeon Crawl Stone Soup version 0.25-a0-353-ged6d54792d (webtiles) character file.

Game seed: 12848187050560068105, levelgen mode: deterministic

321867 mopl the Force of Nature (level 21, 0/174 HPs)
             Began as a Merfolk Monk on Jan 2, 2020.
             Was the Champion of Fedhas.
             Killed from afar by an acid blob (2 damage)
             ... with a splash of acid
             ... created by the Royal Jelly
             ... on level 5 of the Pits of Slime.
             The game lasted 02:18:24 (42777 turns).

mopl the Force of Nature (Merfolk Monk)            Turns: 42777, Time: 02:18:24

Health: 0/174      AC: 11    Str: 20 (21) XL:     21   Next: 53%
Magic:  34/34      EV: 23    Int:  7      God:    Fedhas [******]
Gold:   1977       SH:  0    Dex: 19 (20) Spells: 16/24 levels left

rFire    + + +     SeeInvis .   a - +8 demon trident (freeze)
rCold    + + .     Gourm    .   (no shield)
rNeg     . . .     Faith    .   O - +1 chain mail of the Invisible Hand {-Cast rElec rF++ rC+ Regen+}
rPois    .         Spirit   .   A - +2 hat {MR+}
rElec    +         Reflect  .   M - +1 cloak of Starlight {rElec rC+ EV+4 Stlth--}
rCorr    +         Harm     .   f - +1 pair of gloves {archery}
MR       ++++.     NoCast   +   J - +2 pair of boots of the Wilderness {-Cast +Blink rF+ MR++}
Stlth    ..........             B - amulet of regeneration
HPRegen  0.00/turn              q - ring of resist corrosion
MPRegen  0.24/turn              b - +5 ring of dexterity

@: corroded, very slightly contaminated, non-regenerating, diseased
A: change form in water, swift swim, stealthy swim, clumsy 1, deterioration 2,
dopey 1
}: 2/15 runes: barnacled, gossamer
a: Wall of Briars, Grow Ballistomycete, Overgrow, Grow Oklob, Renounce Religion,
Evoke Blink


You were on level 5 of the Pits of Slime.
You worshipped Fedhas.
Fedhas was exalted by your worship.
You were not hungry.

You visited 8 branches of the dungeon, and saw 40 of its levels.

You collected 4623 gold pieces.
You spent 2646 gold pieces at shops.

Inventory:

Hand Weapons
 a - a +8 demon trident of freezing (weapon)
Missiles
 d - 7 throwing nets
 v - 86 boomerangs (quivered)
 z - 10 atropa-tipped darts
 I - 30 javelins
 X - 14 curare-tipped darts
Armour
 f - a +1 pair of gloves of archery (worn)
 A - a +2 hat of magic resistance (worn)
 J - the +2 pair of boots of the Wilderness (worn) {-Cast +Blink rF+ MR++}
   (You bought it in a shop on level 3 of the Elven Halls)

   It protects you from fire.
   It affects your resistance to hostile enchantments.
   It lets you blink.
   It prevents spellcasting.
 M - the +1 cloak of Starlight (worn) {rElec rC+ EV+4 Stlth--}
   (You bought it in a shop on level 2 of the Orcish Mines)

   It affects your evasion (+4).
   It protects you from cold.
   It insulates you from electricity.
   It makes you much less stealthy.
 O - the +1 chain mail of the Invisible Hand (worn) {-Cast rElec rF++ rC+ Regen+}
   (You acquired it on level 1 of the Elven Halls)

   It greatly protects you from fire.
   It protects you from cold.
   It insulates you from electricity.
   It prevents spellcasting.
   It increases your rate of regeneration.
Jewellery
 b - a +5 ring of dexterity (right hand)
 q - a ring of resist corrosion (left hand)
 B - an amulet of regeneration (around neck)
 Y - an uncursed ring of see invisible
Wands
 h - a wand of clouds (9)
 C - a wand of enslavement (12)
 F - a wand of paralysis (1)
 G - a wand of iceblast (18)
 K - a wand of scattershot (6)
 T - a wand of digging (21)
 V - a wand of acid (1)
 W - a wand of polymorph (19)
Scrolls
 g - 4 scrolls of magic mapping
 j - 10 scrolls of teleportation
 k - a scroll of identify
 l - 3 scrolls of fog
 m - 4 scrolls of blinking
 r - 22 scrolls of remove curse
 u - 6 scrolls of vulnerability
 w - 6 scrolls of fear
 L - 4 scrolls of silence {!r}
 S - 3 scrolls of summoning
 U - 4 scrolls of immolation
Potions
 e - 19 potions of curing
 i - 7 potions of heal wounds
 o - 7 potions of agility
 p - 3 potions of invisibility
 s - a potion of might
 x - 6 potions of cancellation
 E - 4 potions of haste
 H - 2 potions of magic
 N - 7 potions of flight
 P - a potion of resistance
 Q - 15 potions of lignification {!q}
 Z - 3 potions of ambrosia
Miscellaneous
 n - a fan of gales (inert)
 t - a lamp of fire (inert)
 y - a phial of floods
 D - a lightning rod (2/4)
 R - 2 phantom mirrors
Comestibles
 c - 49 rations


   Skills:
 + Level 17.1 Fighting
 - Level 14.2 Polearms
 + Level 15.6 Throwing
 + Level 10.5 Armour
 + Level 16.7 Dodging
 + Level 2.4 Stealth
 - Level 2.0 Spellcasting
 - Level 5.0 Hexes
 - Level 5.0 Charms
 - Level 6.0 Translocations
 * Level 19.0 Invocations
 + Level 10.6 Evocations


You had 16 spell levels left.
You knew the following spells:

 Your Spells              Type           Power        Failure   Level  Hunger
a - Apportation           Tloc           #.....       22%         1    ##.....
e - Blink                 Tloc           N/A          34%         2    ###....
f - Portal Projectile     Hex/Tloc       #.....       63%         3    ####...
n - Swiftness             Chrm/Air       #.......     82%         2    ###....

Your spell library contained the following spells:

 Spells                   Type           Power        Failure   Level  Hunger
 Confusing Touch          Hex            #.....       34%         1    ##.....
 Corona                   Hex            #......      34%         1    ##.....
 Shroud of Golubria       Chrm/Tloc      #.....       38%         2    ###....
 Slow                     Hex            #.......     45%         2    ###....
 Gell's Gravitas          Tloc           #.........   56%         3    ####...
 Lesser Beckoning         Tloc           #.........   56%         3    ####...
 Teleport Other           Tloc           #.......     56%         3    ####...
 Confuse                  Hex            #.......     71%         3    ####...
 Tukima's Dance           Hex            #.......     71%         3    ####...
 Ensorcelled Hibernation  Hex/Ice        #.....       82%         2    ###....
 Passage of Golubria      Tloc           N/A          92%         4    #####..
 Animate Skeleton         Necr           N/A          95%         1    ##.....
 Beastly Appendage        Tmut           #.....       95%         1    ##.....
 Shock                    Conj/Air       #...         95%         1    ##.....
 Summon Butterflies       Summ           #.......     95%         1    ##.....
 Summon Small Mammal      Summ           #...         95%         1    ##.....
 Inner Flame              Hex/Fire       #.......     96%         3    ####...
 Summon Guardian Golem    Hex/Summ       #.......     96%         3    ####...
 Cause Fear               Hex            #.........   98%         4    #####..
 Call Imp                 Summ           #.......     99%         2    ###....
 Corpse Rot               Necr/Air       N/A          99%         2    ###....
 Poisonous Vapours        Pois/Air       #.....       99%         2    ###....
 Sticks to Snakes         Tmut           #.......     99%         2    ###....
 Sublimation of Blood     Necr           #.........   99%         2    ###....
 Conjure Flame            Conj/Fire      #.......     100%        3    ####...
 Mephitic Cloud           Conj/Pois/Air  #.......     100%        3    ####...
 Spider Form              Tmut/Pois      #.........   100%        3    ####...
 Static Discharge         Conj/Air       #.......     100%        3    ####...
 Stone Arrow              Conj/Erth      #.....       100%        3    ####...
 Airstrike                Air            #.........   100%        4    #####..
 Fulminant Prism          Conj/Hex       #.........   100%        4    #####..
 Hailstorm                Conj/Ice       #.......     100%        4    #####..
 Ice Form                 Ice/Tmut       #.......     100%        4    #####..
 Leda's Liquefaction      Hex/Erth       #.........   100%        4    #####..
 Petrify                  Tmut/Erth      #.......     100%        4    #####..
 Agony                    Necr           #.......     100%        5    ######.
 Blade Hands              Tmut           #.........   100%        5    ######.
 Dispel Undead            Necr           #.......     100%        5    ######.
 Excruciating Wounds      Chrm/Necr      #.........   100%        5    ######.
 Lightning Bolt           Conj/Air       #.........   100%        5    ######.
 Metabolic Englaciation   Hex/Ice        #.........   100%        5    ######.
 Summon Mana Viper        Hex/Summ       #.......     100%        5    ######.
 Yara's Violent Unravell  Hex/Tmut       #.........   100%        5    ######.
 Deflect Missiles         Chrm/Air       #.........   100%        6    #######
 Freezing Cloud           Conj/Ice/Air   #.........   100%        6    #######
 Ring of Flames           Chrm/Fire      #.........   100%        7    #######
 Dragon's Call            Summ           #.........   100%        9    #######


Dungeon Overview and Level Annotations

Branches:
Dungeon (15/15)            Temple (1/1) D:4            Lair (6/6) D:9
 Shoals (4/4) Lair:3       Spider (4/4) Lair:2        Slime (5/5) Lair:6
    Orc (2/2) D:11            Elf (3/3) Orc:2        Vaults (0/5) D:14
 Depths (0/5) D:15

Altars:
Ashenzari
Cheibriados
Dithmenos
Elyvilon
Fedhas
Gozag
Hepliaklqana
Kikubaaqudgha
Makhleb
Nemelex Xobeh
Okawaru
Qazlal
Ru
Sif Muna
Trog
Uskayaw
Vehumet
Wu Jian
Xom
Yredelemnul
Zin
The Shining One
Beogh
Jiyva

Shops:
D:8 *   D:15 *   Orc:1 :   Orc:2 [(*?   Elf:2 !   Elf:3 [

Portals:
Trove: D:13 (show abyssal rune of Zot)

Annotations:
Shoals:4 vamp dtrident
Slime:5 Royal Jelly


Innate Abilities, Weirdness & Mutations

You revert to your normal form in water.
You are very nimble and swift while swimming.
You are very stealthy in the water. (Stealth+)
You are clumsy. (Dex -2)
Your body often deteriorates upon taking damage.
You are dopey. (Int -2)


Message History

Flame seeps out of the acid blob.
The acid blob is engulfed in blazing flames.
Flame seeps out of the acid blob.
The acid blob spits acid at you.
The splash of acid hits you but does no damage.
The acid corrodes you!
You are splashed with acid!
You resist.
* * * LOW HITPOINT WARNING * * *
The azure jelly is engulfed in blazing flames.
Flame seeps out of the azure jelly.
The acid blob is engulfed in blazing flames.
Flame seeps out of the acid blob.
The azure jelly is engulfed in blazing flames.
The acid blob is engulfed in blazing flames. x2
Flame seeps out of the acid blob.
The acid blob is engulfed in blazing flames.
Flame seeps out of the acid blob.
The acid blob spits acid at you. The splash of acid hits you. You resist.
You die...
Fedhas appreciates your contribution to the ecosystem.

.#...#..J○#...#
..#..JJJJ..#..
######JJ######
##?%#)##J#:#($#
#!$))##JJ##?:$$
#}|$[(#§##!)):( #JJ# .#
##J# ..# #.@# #.
...........####.#####..
.......................
.......................
.......................
.......................
.......................
.......................
#..<...................


You could see the Royal Jelly (inner flame), 6 acid blobs, 3 azure jellies and 2
death oozes.

Vanquished Creatures
  Saint Roka (Orc:2)
  Arachne (Spider:2)
  Jorgrun (Shoals:1)
  Rupert (D:13)
  4 deep elf blademasters (Elf:3)
  A deep elf master archer (Elf:3)
  3 acid blobs
  Polyphemus (Shoals:3)
  Kirke (Shoals:3)
  5 azure jellies
  The ghost of bmj180 the Severer, a journeyman DDFi of Makhleb (D:13)
  Ilsuiw (Shoals:2)
  5 deep elf sorcerers
  4 ghost moths
  9 emperor scorpions
  10 deep elf elementalists (Elf:3)
  6 entropy weavers
  11 deep elf demonologists
  11 deep elf annihilators (Elf:3)
  2 spark wasps
  3 merfolk javelineers (Shoals:4)
  4 death oozes
  3 deep elf death magi (Elf:3)
  Snorg (Lair:6)
  5 merfolk impalers (Shoals:4)
  A yaktaur captain (D:15)
  4 great orbs of eyes
  A rakshasa (D:15)
  2 deep elf high priests (Elf:3)
  A vault guard (D:14)
  4 hydras
  5 catoblepae
  3 merfolk avatars (Shoals:4)
  9 centaur warriors
  4 satyrs
  An ogre mage (Orc:1)
  3 merfolk aquamancers
  34 dancing weapons
  11 two-headed ogres
  An alligator snapping turtle (Shoals:4)
  14 death yaks
  2 orc high priests (Orc:2)
  A queen ant (Spider:4)
  2 tengu warriors
  Urug (Lair:1)
  24 deep elf knights
  3 spriggans (D:13)
  56 slime creatures
  2 glowing orange brains
  3 unseen horrors
  19 sea snakes
  A wizard (D:14)
  20 deep elf archers
  An orc knight (Orc:1)
  9 harpies
  12 orb spiders
  28 wolf spiders
  A wolf spider zombie (D:14)
  5 ugly things
  75 deep elf magi
  13 manticores
  13 fauns
  2 shining eyes
  8 komodo dragons
  4 centaur zombies
  3 black mambas
  3 elephants (Lair:6)
  21 merfolk sirens
  Maurice (D:9)
  15 cyclopes
  A water nymph (shapeshifter) (D:15)
  2 eyes of devastation
  3 water nymphs
  6 centaur skeletons
  A gargoyle (D:13)
  9 spiny frogs
  2 rime drakes
  2 torpor snails
  5 kobold demonologists
  14 demonic crawlers
  A redback zombie (D:13)
  28 jumping spiders
  A tengu conjurer (D:12)
  22 merfolk
  A polar bear (shapeshifter) (Elf:3)
  8 trolls
  2 polar bears
  A meliai (D:14)
  9 wind drakes
  12 blink frogs
  12 hippogriffs
  8 hornets
  A dream sheep (shapeshifter) (Elf:1)
  8 dream sheep
  A meliai zombie (D:14)
  8 snapping turtles
  60 redbacks
  8 air elementals
  Eustachio (D:8)
  4 hogs (Shoals:3)
  A tarantella (shapeshifter) (D:15)
  87 yaks
  A fire elemental (Elf:1)
  36 tarantellas
  2 vampires
  3 wyverns
  3 shadows
  9 water elementals
  A wraith (D:14)
  2 basilisks
  5 golden eyes
  A steam dragon (Lair:2)
  A vampire mosquito (D:15)
  2 hungry ghosts
  Grum (Lair:1)
  A two-headed ogre zombie (Orc:1)
  2 soldier ants
  A naga (D:11)
  3 wargs
  An acid dragon (D:14)
  11 porcupines
  14 water moccasins
  A hornet zombie (D:13)
  35 orc warriors
  An ice beast (shapeshifter) (Elf:1)
  3 phantoms
  2 ice beasts
  5 sky beasts
  5 black bears
  A sky beast (shapeshifter) (D:15)
  30 ogres
  A boggart (D:14)
  5 eyes of draining
  11 wolves
  12 centaurs
  12 crocodiles
  20 bullfrogs
  6 big kobolds
  A gnoll sergeant (D:8)
  A wyvern zombie (D:13)
  2 earth elementals
  2 wyvern skeletons
  7 scorpions
  14 killer bees
  14 wights
  5 howler monkeys
  An electric eel (Lair:3)
  12 crimson imps
  3 bullfrog zombies
  3 hounds
  A quasit (D:15)
  5 bullfrog skeletons
  Crazy Yiuf (D:6)
  7 jellies
  17 orc priests
  27 orc wizards
  14 worker ants
  6 iguanas
  2 hound zombies (D:7)
  3 worker ant zombies
  Robin (D:4)
  8 gnolls
  2 howler monkey zombies
  8 adders
  3 shadow imps
  An ooze (D:1)
  3 adder skeletons
  A dart slug (D:3)
  2 leopard geckos
  87 orcs
  15 goblins
  8 hobgoblins
  19 jackals
  2 quokkas (D:7)
  8 bats
  3 frilled lizards
  16 kobolds
  A leopard gecko zombie (D:6)
  6 rats
  5 crawling corpses (Elf:3)
1467 creatures vanquished.

Vanquished Creatures (collateral kills)
  Nergalle (Lair:1)
  An obsidian statue (D:12)
  A harpy (Shoals:4)
  A moth of wrath (Spider:4)
  A polar bear (D:13)
  A redback (Spider:4)
6 creatures vanquished.

Vanquished Creatures (others)
  A centaur warrior (D:13)
  A deep elf archer (Elf:1)
  An orb spider (Spider:4)
  A wolf spider (Spider:4)
  A manticore (Shoals:4)
  A deep elf mage (Elf:2)
  A merfolk (Shoals:4)
  A snapping turtle (Shoals:4)
  2 redbacks
  3 humans (Shoals:4)
  A sky beast (D:14)
  A bush (Lair:2)
  12 fungi
  10 plants
37 creatures vanquished.

Grand Total: 1510 creatures vanquished

Notes
Turn   | Place    | Note
-------+----------+-------------------------------------------
     0 | D:1      | mopl the Merfolk Monk began the quest for the Orb.
     0 | D:1      | Reached XP level 1. HP: 18/18 MP: 1/1
   314 | D:1      | Reached XP level 2. HP: 24/24 MP: 2/2
   611 | D:1      | Reached skill level 1 in Throwing
   941 | D:1      | Reached XP level 3. HP: 27/29 MP: 3/3
  1449 | D:2      | Reached skill level 5 in Polearms
  1637 | D:2      | Reached XP level 4. HP: 20/37 MP: 4/4
  2082 | D:3      | Reached skill level 4 in Fighting
  2244 | D:3      | Reached skill level 2 in Throwing
  2287 | D:3      | Reached XP level 5. HP: 34/42 MP: 5/5
  2438 | D:3      | Reached skill level 5 in Dodging
  3207 | D:4      | Found a snail-covered altar of Cheibriados.
  3209 | D:4      | Found a glowing golden altar of the Shining One.
  3216 | D:4      | Found a shattered altar of Ashenzari.
  3224 | D:4      | Noticed Robin
  3396 | D:4      | Reached skill level 6 in Polearms
  3466 | D:4      | Reached XP level 6. HP: 49/49 MP: 6/6
  3476 | D:4      | Killed Robin
  3670 | D:4      | Noticed a phantom
  3700 | D:4      | Killed a phantom
  3743 | D:4      | Found a staircase to the Ecumenical Temple.
  3851 | Temple   | Entered the Ecumenical Temple
  3927 | D:5      | Entered Level 5 of the Dungeon
  3927 | D:5      | Noticed a sky beast
  3930 | D:5      | Killed a sky beast
  3930 | D:5      | Reached skill level 5 in Fighting
  3930 | D:5      | Reached skill level 3 in Throwing
  3930 | D:5      | Reached skill level 6 in Dodging
  3968 | D:5      | Reached XP level 7. HP: 56/56 MP: 7/7
  4172 | D:5      | Reached skill level 7 in Polearms
  4485 | D:5      | Reached skill level 4 in Throwing
  4485 | D:5      | Reached XP level 8. HP: 42/64 MP: 8/8
  4633 | D:5      | Reached skill level 6 in Fighting
  4633 | D:5      | Reached skill level 7 in Dodging
  4908 | D:6      | Reached skill level 8 in Polearms
  5211 | D:6      | Found a runed translucent door.
  5212 | D:6      | Noticed Crazy Yiuf
  5623 | D:5      | Reached skill level 5 in Throwing
  5704 | D:6      | Reached skill level 8 in Dodging
  5713 | D:6      | Reached skill level 9 in Polearms
  5803 | D:6      | Reached skill level 7 in Fighting
  5803 | D:6      | Reached XP level 9. HP: 72/72 MP: 9/9
  6022 | D:6      | Killed Crazy Yiuf
  6215 | D:7      | Noticed a hornet
  6231 | D:7      | Killed a hornet
  6381 | D:7      | Reached skill level 9 in Dodging
  6396 | D:7      | Reached skill level 6 in Throwing
  6456 | D:7      | Reached skill level 10 in Polearms
  6693 | D:7      | Reached skill level 8 in Fighting
  6902 | D:8      | Noticed a two-headed ogre
  7011 | D:7      | Reached XP level 10. HP: 58/80 MP: 10/10
  7382 | D:8      | Reached skill level 10 in Dodging
  7388 | D:8      | Reached skill level 7 in Throwing
  7418 | D:7      | Reached skill level 11 in Polearms
  7425 | D:7      | Killed a two-headed ogre
  7681 | D:8      | Reached skill level 9 in Fighting
  7986 | D:8      | Noticed Eustachio
  8048 | D:8      | Killed Eustachio
  8163 | D:8      | Found a blossoming altar of Fedhas.
  8165 | D:8      | Found a burning altar of Makhleb.
  8165 | D:8      | Found an iron altar of Okawaru.
  8167 | D:8      | Became a worshipper of Fedhas Madash
  8167 | D:8      | Reached * piety under Fedhas
  8167 | D:8      | Reached ** piety under Fedhas
  8222 | D:8      | Found Bifulopn's General Store.
  8225 | D:8      | Bought a scroll of teleportation for 42 gold pieces
  8225 | D:8      | Bought a potion of flight for 42 gold pieces
  8225 | D:8      | Bought a scroll of holy word for 105 gold pieces
  8396 | D:9      | Noticed Maurice
  8410 | D:9      | Killed Maurice
  8410 | D:9      | Reached skill level 12 in Polearms
  8410 | D:9      | Reached skill level 11 in Dodging
  8420 | D:9      | Reached skill level 8 in Throwing
  8586 | D:9      | Reached XP level 11. HP: 89/89 MP: 11/11
  9149 | D:9      | Found a staircase to the Lair.
  9275 | D:10     | Entered Level 10 of the Dungeon
  9320 | D:10     | Reached skill level 1 in Invocations
  9506 | D:10     | Reached skill level 10 in Fighting
  9606 | D:10     | Reached *** piety under Fedhas
  9789 | D:11     | Found a shattered altar of Ashenzari.
  9843 | D:11     | Reached skill level 2 in Invocations
  9870 | D:11     | Noticed Sonja
  9884 | D:11     | Noticed Sonja
  9884 | D:11     | Sonja changed into Sonja the naga
  9937 | D:11     | Reached skill level 1 in Evocations
  9945 | D:11     | Killed Sonja the naga
 10215 | D:11     | Noticed a tengu warrior
 10236 | D:11     | Killed a tengu warrior
 10444 | D:11     | Noticed a cyan ugly thing
 10446 | D:11     | Found a staircase to the Orcish Mines.
 10461 | D:11     | Killed a cyan ugly thing
 10461 | D:11     | Reached skill level 12 in Dodging
 10461 | D:11     | Reached skill level 3 in Invocations
 10637 | D:11     | Noticed a two-headed ogre
 10650 | D:11     | Killed a two-headed ogre
 10650 | D:11     | Reached skill level 13 in Polearms
 10650 | D:11     | Reached skill level 9 in Throwing
 10650 | D:11     | Reached skill level 2 in Evocations
 10880 | D:12     | Identified Ymumisul's Compendium of Lightness
 10959 | D:12     | Noticed a seven-headed hydra
 10984 | D:12     | Noticed a two-headed ogre
 10991 | D:12     | Killed a seven-headed hydra
 11003 | D:12     | Killed a two-headed ogre
 11003 | D:12     | Reached XP level 12. HP: 60/99 MP: 14/14
 11156 | D:12     | Reached skill level 4 in Invocations
 11156 | D:12     | Reached skill level 3 in Evocations
 11183 | D:12     | Reached **** piety under Fedhas
 11200 | D:12     | Noticed a tengu warrior
 11227 | D:12     | Killed a tengu warrior
 11451 | D:12     | Identified the Volume of the Ditch-Digger
 11464 | D:12     | Got an ichor-stained chain mail
 11475 | D:12     | Identified the +1 chain mail "Qeuc" {Dex+4} (You found it
                  | on level 12 of the Dungeon)
 11776 | D:12     | Reached skill level 1 in Armour
 11794 | D:12     | Reached skill level 11 in Fighting
 11794 | D:12     | Reached skill level 5 in Invocations
 11806 | D:12     | Reached skill level 4 in Evocations
 11915 | Lair:1   | Entered Level 1 of the Lair of Beasts
 11958 | Lair:1   | Noticed Nergalle
 11976 | Lair:1   | Killed Nergalle
 12091 | Lair:1   | Noticed Grum
 12101 | Lair:1   | Killed Grum
 12188 | Lair:1   | Noticed an eight-headed hydra
 12194 | Lair:1   | Reached skill level 14 in Polearms
 12207 | Lair:1   | Killed an eight-headed hydra
 12207 | Lair:1   | Reached skill level 2 in Armour
 12472 | Lair:1   | Noticed Urug
 12486 | Lair:1   | Killed Urug
 12486 | Lair:1   | Reached skill level 10 in Throwing
 12675 | Lair:1   | Reached skill level 6 in Invocations
 12683 | Lair:1   | Reached skill level 5 in Evocations
 12712 | Lair:2   | Reached XP level 13. HP: 94/106 MP: 17/17
 13033 | Lair:2   | Found a hole to the Spider Nest.
 13171 | Lair:2   | Reached skill level 3 in Armour
 13196 | Lair:2   | Reached ***** piety under Fedhas
 13576 | Lair:2   | Learned a level 3 spell: Portal Projectile
 13738 | Lair:3   | Reached skill level 7 in Invocations
 13807 | Lair:3   | Reached skill level 6 in Evocations
 14065 | Lair:3   | Found a staircase to the Shoals.
 14543 | Lair:4   | Reached skill level 12 in Fighting
 14768 | Lair:4   | Reached skill level 4 in Armour
 15417 | Lair:5   | Reached skill level 8 in Invocations
 15457 | Lair:5   | Reached skill level 11 in Throwing
 15624 | Lair:5   | Reached skill level 7 in Evocations
 15635 | Lair:5   | Reached XP level 14. HP: 103/116 MP: 20/20
 16059 | Lair:6   | Entered Level 6 of the Lair of Beasts
 16113 | Lair:6   | Reached ****** piety under Fedhas
 16113 | Lair:6   | Reached skill level 9 in Invocations
 16262 | Lair:6   | Noticed Snorg
 16279 | Lair:6   | Killed Snorg
 16447 | Lair:6   | Reached skill level 5 in Armour
 16507 | Lair:6   | Found a staircase to the Slime Pits.
 16507 | Lair:6   | Found a viscous altar of Jiyva.
 16856 | Lair:6   | Reached skill level 8 in Evocations
 16860 | Lair:6   | Reached skill level 10 in Invocations
 17234 | Lair:6   | Reached skill level 13 in Fighting
 17703 | Orc:1    | Entered Level 1 of the Orcish Mines
 17703 | Orc:1    | Found Kaegh's Book Shoppe.
 17782 | Orc:2    | Entered Level 2 of the Orcish Mines
 17817 | Orc:2    | Found a staircase to the Elven Halls.
 18151 | Orc:1    | Reached XP level 15. HP: 114/123 MP: 23/23
 18198 | Orc:1    | Reached skill level 11 in Invocations
 18212 | Orc:1    | Reached skill level 12 in Throwing
 18435 | Orc:2    | Found a roughly hewn altar of Beogh.
 18722 | Orc:2    | Found a roughly hewn altar of Beogh.
 19053 | Orc:2    | Found Qezar's General Store.
 19061 | Orc:2    | Bought 2 potions of curing for 78 gold pieces
 19116 | Orc:2    | Found a roughly hewn altar of Beogh.
 19117 | Orc:2    | Found Culum's Magic Scroll Emporium.
 19125 | Orc:2    | Bought a scroll of teleportation for 48 gold pieces
 19125 | Orc:2    | Bought a scroll of identify for 32 gold pieces
 19125 | Orc:2    | Bought a scroll of identify for 32 gold pieces
 19125 | Orc:2    | Bought a scroll of identify for 32 gold pieces
 19125 | Orc:2    | Bought a scroll of identify for 32 gold pieces
 19125 | Orc:2    | Bought a scroll of blinking for 120 gold pieces
 19125 | Orc:2    | Bought a scroll of identify for 32 gold pieces
 19177 | Orc:2    | Reached skill level 6 in Armour
 19463 | Orc:2    | Noticed Saint Roka
 19542 | Orc:2    | Killed Saint Roka
 19542 | Orc:2    | Reached skill level 9 in Evocations
 19588 | Orc:2    | Found Warch's Antique Weapon Shop.
 19589 | Orc:2    | Found a roughly hewn altar of Beogh.
 19590 | Orc:2    | Found Wein's Antique Armour Boutique.
 19647 | Orc:2    | Found a roughly hewn altar of Beogh.
 19679 | Orc:2    | Found a roughly hewn altar of Beogh.
 19697 | Orc:2    | Found a roughly hewn altar of Beogh.
 19774 | Orc:2    | Found a roughly hewn altar of Beogh.
 19865 | Orc:2    | Bought a faintly glowing chain mail for 247 gold pieces
 19865 | Orc:2    | Bought the +1 cloak of Starlight {rElec rC+ EV+4 Stlth--}
                  | for 1157 gold pieces
 19865 | Orc:2    | Found the +1 cloak of Starlight {rElec rC+ EV+4 Stlth--}
 19875 | Orc:2    | Identified the +1 chain mail "Fichux" {MR+} (You bought it
                  | in a shop on level 2 of the Orcish Mines)
 20181 | D:13     | Found a portal to a secret trove of treasure.
 20267 | D:13     | Noticed Rupert
 20268 | D:13     | Paralysed by Rupert for 6 turns
 20300 | D:13     | Killed Rupert
 20300 | D:13     | Reached skill level 12 in Invocations
 20499 | D:13     | Found a runed translucent door.
 20499 | D:13     | Identified the +10 trident of a Billion Gods {venom, *Slow
                  | rPois SInv Stlth+}
 20501 | D:13     | Noticed bmj180's ghost (journeyman DDFi)
 20948 | D:13     | Killed bmj180's ghost
 21065 | D:14     | Found a gate to the Vaults.
 21126 | D:14     | Reached XP level 16. HP: 132/132 MP: 25/25
 21385 | D:14     | Found the macabre finger necklace {rN+}
 21566 | D:14     | Identified the cursed ring "Zudaoch" {MR++ AC-5 Str+4 Int+5
                  | Dex-5}
 21586 | D:14     | Reached skill level 14 in Fighting
 21646 | D:14     | Reached skill level 13 in Invocations
 21806 | D:14     | Found the +8 demon blade "Leech" {vamp, rN+ AC-3 EV-3}
 21870 | D:14     | Identified the +2 leather armour of the Sailor {-Cast rC++
                  | rCorr Dex+4} (You found it on level 14 of the Dungeon)
 22193 | D:15     | Entered Level 15 of the Dungeon
 22430 | D:15     | Reached skill level 7 in Armour
 22549 | D:15     | Found Niogefeis's Changing Room.
 22686 | D:15     | Reached skill level 10 in Evocations
 22809 | D:15     | Found a staircase to the Depths.
 23148 | D:15     | Reached skill level 13 in Throwing
 23471 | Shoals:1 | Entered Level 1 of the Shoals
 23677 | Shoals:1 | Noticed Jorgrun
 23692 | Shoals:1 | Killed Jorgrun
 24364 | Shoals:2 | Noticed Ilsuiw
 24393 | Shoals:2 | Killed Ilsuiw
 24393 | Shoals:2 | Reached skill level 14 in Invocations
 24634 | Shoals:2 | Reached skill level 13 in Dodging
 24782 | Shoals:2 | Reached XP level 17. HP: 140/140 MP: 27/27
 25488 | Shoals:3 | Identified a scroll of acquirement
 25546 | Shoals:3 | Identified the +1 robe of the Pink Corner {Str+4} (You
                  | found it on level 3 of the Shoals)
 25684 | Shoals:3 | Reached skill level 8 in Armour
 25791 | Shoals:3 | Noticed Polyphemus
 25886 | Shoals:3 | Killed Polyphemus
 26261 | Shoals:4 | Entered Level 4 of the Shoals
 26265 | Shoals:4 | Noticed Kirke
 26313 | Shoals:3 | Killed Kirke
 26313 | Shoals:3 | Reached skill level 15 in Fighting
 26313 | Shoals:3 | Reached skill level 15 in Invocations
 26597 | Shoals:4 | Reached skill level 1 in Hexes
 26602 | Shoals:4 | Reached skill level 1 in Translocations
 26790 | Shoals:4 | Got a barnacled rune of Zot
 26940 | Shoals:4 | Identified the +6 dagger "Qatof" {elec, +Inv Int+3 Stlth+}
                  | (You found it on level 4 of the Shoals)
 27104 | Shoals:4 | Reached skill level 2 in Hexes
 27440 | Shoals:4 | Reached skill level 14 in Dodging
 27440 | Shoals:4 | Reached XP level 18. HP: 101/149 MP: 29/29
 27738 | Shoals:4 | Identified the ring "Gisiol" {Ice +Fly rPois Int+5 Dex-4}
 27752 | Shoals:4 | Reached skill level 2 in Translocations
 28349 | Spider:1 | Entered Level 1 of the Spider Nest
 28533 | Spider:1 | Reached skill level 14 in Throwing
 28730 | Spider:1 | Reached skill level 3 in Hexes
 28921 | Spider:1 | You fall into a shaft and drop 1 floor!
 29232 | Spider:2 | Noticed Arachne
 29273 | Spider:2 | Killed Arachne
 29465 | Spider:2 | Found a runed translucent door.
 29486 | Spider:2 | Reached skill level 16 in Invocations
 29492 | Spider:2 | Reached skill level 3 in Translocations
 29560 | Spider:2 | Identified the +10 plate armour "Wousar" {*Contam rC+
                  | Dex+3} (You found it on level 2 of the Spider Nest)
 29783 | Spider:2 | Identified the cursed +0 ring mail of Liberty {Int+4} (You
                  | found it on level 2 of the Spider Nest)
 29790 | Spider:2 | Identified the +7 quarterstaff of Dutzucw {crush, Int+4}
                  | (You found it on level 2 of the Spider Nest)
 30005 | Spider:2 | Reached skill level 4 in Hexes
 30257 | Spider:3 | Learned a level 1 spell: Apportation
 30260 | Spider:3 | Learned a level 2 spell: Swiftness
 30853 | Spider:3 | Reached skill level 9 in Armour
 31800 | Spider:4 | Entered Level 4 of the Spider Nest
 32197 | Spider:3 | Reached XP level 19. HP: 157/157 MP: 31/31
 32214 | Spider:3 | Reached skill level 4 in Translocations
 32757 | Spider:4 | Reached skill level 5 in Hexes
 33081 | Spider:4 | Reached skill level 1 in Charms
 33259 | Spider:4 | Reached skill level 15 in Dodging
 33790 | Spider:4 | Reached skill level 2 in Charms
 33927 | Spider:4 | Reached skill level 16 in Fighting
 34020 | Spider:4 | Got a gossamer rune of Zot
 34297 | Elf:1    | Entered Level 1 of the Elven Halls
 34358 | Elf:1    | Reached skill level 17 in Invocations
 34771 | Elf:1    | Reached skill level 3 in Charms
 35208 | Elf:1    | Identified the +1 chain mail of the Invisible Hand {-Cast
                  | rElec rF++ rC+ Regen+} (You acquired it on level 1 of the
                  | Elven Halls)
 35286 | Elf:1    | Reached skill level 5 in Translocations
 35299 | Elf:1    | Reached skill level 1 in Spellcasting
 35350 | Elf:1    | Identified Luvoka's Grimoire of Companions
 36243 | Elf:2    | Reached skill level 2 in Spellcasting
 36243 | Elf:2    | Reached skill level 4 in Charms
 36318 | Elf:2    | Reached XP level 20. HP: 106/165 MP: 32/32
 36741 | Elf:2    | Found a runed translucent gate.
 36741 | Elf:2    | Found a runed translucent gate.
 36741 | Elf:2    | Found a runed translucent gate.
 36755 | Elf:2    | Found Rim Seosi's Distillery.
 36827 | Elf:2    | Bought a potion of curing for 33 gold pieces
 36827 | Elf:2    | Bought a potion of curing for 33 gold pieces
 36827 | Elf:2    | Bought a potion of curing for 33 gold pieces
 36827 | Elf:2    | Bought a potion of curing for 33 gold pieces
 36827 | Elf:2    | Bought a potion of curing for 33 gold pieces
 36827 | Elf:2    | Bought a potion of curing for 33 gold pieces
 36827 | Elf:2    | Bought a potion of curing for 33 gold pieces
 36827 | Elf:2    | Bought a potion of haste for 110 gold pieces
 36827 | Elf:2    | Bought a potion of cancellation for 88 gold pieces
 36931 | Elf:2    | Learned a level 2 spell: Blink
 36971 | Elf:2    | Noticed a Tzitzimitl
 36976 | Elf:2    | Noticed a Tzitzimitl
 37577 | Elf:2    | Reached skill level 15 in Throwing
 38140 | Elf:2    | Reached skill level 5 in Charms
 38638 | Elf:3    | Entered Level 3 of the Elven Halls
 38761 | Elf:3    | Found Xoddeg's Antique Armour Shoppe.
 38812 | Elf:3    | Bought a pair of ichor-stained boots for 218 gold pieces
 38812 | Elf:3    | Identified the +2 pair of boots of the Wilderness {-Cast
                  | +Blink rF+ MR++} (You bought it in a shop on level 3 of the
                  | Elven Halls)
 38829 | Elf:3    | Identified the Volume of Floating Enchantment
 38899 | Elf:3    | Identified the +4 ring mail of the Last Seas {rElec Int+3}
                  | (You found it on level 3 of the Elven Halls)
 39190 | Elf:3    | Reached skill level 18 in Invocations
 39439 | Elf:3    | Reached skill level 10 in Armour
 39699 | Elf:3    | Reached skill level 16 in Dodging
 39840 | Elf:3    | Gained mutation: Your body sometimes deteriorates upon
                  | taking damage. [a neqoxec]
 39842 | Elf:3    | Gained mutation: You are dopey. (Int -2) [a neqoxec]
 39967 | Elf:3    | Identified the cursed ring "Olyeg" {rElec rF+ Slay-2
                  | Stlth+}
 39978 | Elf:3    | Noticed a Tzitzimitl
 40303 | Elf:3    | Reached skill level 6 in Translocations
 40432 | Elf:3    | Reached XP level 21. HP: 157/173 MP: 34/34
 40828 | Elf:3    | Identified the +4 acid dragon scales of the Ten Spirits
                  | {rC+ rCorr}
 40828 | Elf:3    | Identified the cursed ring of Sialudaq {Str+2 Int-3}
 40868 | Elf:3    | Identified the Almanac of Fetching Attacks
 40923 | Elf:3    | Identified the cursed +1 chain mail "Qeow" {rElec Int+2
                  | Stlth+} (You found it on level 3 of the Elven Halls)
 42119 | Slime:1  | Entered Level 1 of the Pits of Slime
 42138 | Slime:1  | Reached skill level 17 in Fighting
 42188 | Slime:1  | Gained mutation: Your body often deteriorates upon taking
                  | damage. [a shining eye]
 42190 | Slime:1  | Gained mutation: You are clumsy. (Dex -2) [a shining eye]
 42681 | Slime:5  | Entered Level 5 of the Pits of Slime
 42766 | Slime:5  | Found a viscous altar of Jiyva.
 42766 | Slime:5  | Noticed the Royal Jelly
 42773 | Slime:5  | Reached skill level 19 in Invocations
 42777 | Slime:5  | HP: 2/174 [acid[the Royal Jelly] (8)]
 42777 | Slime:5  | Killed from afar by an acid blob

Levels and vault maps discovered:
D:1:      nzn_arrival_depleted_hourglass, layout_loops_ring
D:2:      layout_loops_ring, first_ration, minmay_tetromino_o2
D:3:      layout_basic, minmay_unequal
D:4:      layout_basic, grunt_temple_overflow_open, minmay_temple_entry_wispy,
          minmay_misc_feat_x, uniq_robin
D:5:      layout_gridville
D:6:      layout_gridville, uniq_crazy_yiuf_cottage
D:7:      cheibrodos_barr_body, layout_gridville, grunt_ogre_cave
D:8:      layout_cave_pools, gammafunk_temple_overflow_forgotten, serial_shops,
          kennysheep_mini_moat, sword_in_stone
D:9:      layout_gridville, lair_entry_dummy, uniq_maurice
D:10:     layout_rooms
D:11:     layout_cave_pools, evilmike_ruin_ashenzari, uniq_sonja
D:12:     layout_roguey, minmay_protected_statue
D:13:     layout_rooms, nicolae_trove_entry_free_sample,
          ebering_ghost_funeral_grove, kennysheep_small_square, uniq_rupert
D:14:     layout_big_octagon, david_vaults_5, serial_column_ruins,
          column_ruins_hut_water, column_ruins_columns_water,
          column_ruins_grid_1, column_ruins_grid_1, column_ruins_grid_1,
          minmay_the_grid_square_5x5_3x3_mashed
          [minmay_the_grid_square_5x5_inner_z, minmay_the_grid_square_5x5_lines,
          minmay_the_grid_square_5x5_comb, minmay_the_grid_square_5x5_inner_v,
          minmay_the_grid_square_5x5_megaprize_diamond,
          minmay_the_grid_square_5x5_three_walls,
          minmay_the_grid_square_5x5_tetrominoes,
          minmay_the_grid_square_5x5_hollow_slash,
          minmay_the_grid_square_5x5_doubleslash]
D:15:     gammafunk_enter_depths_forms, layout_cave_pools,
          nicolae_transmutations_shop, minmay_fractal_squares_gapless_7
Temple:   nicolae_temple_x_marks_the_god
Lair:1:   layout_misc_corridors, grunt_megastairs_4, uniq_urug, uniq_nergalle,
          uniq_grum
Lair:2:   layout_roguey, spider_nest_entry_rubble
Lair:3:   layout_hall_layers, minmay_shoals_entry_lonely_mermaid,
          serial_bayou_ford_a
Lair:4:   layout_gridlike
Lair:5:   layout_cave_pods, minmay_lair_oklob_chamber, serial_bayou_shore_b
Lair:6:   evilmike_catoblepas_cave, layout_regular_city, slime_altar_1,
          grunt_megastairs_1, uniq_snorg
Shoals:1: layout_shoals, uniq_jorgrun
Shoals:2: layout_shoals, hangedman_shoals_cup_caves, uniq_ilsuiw
Shoals:3: nicolae_shoals_island_circles, layout_shoals, uniq_polyphemus
Shoals:4: shoals_end_hangedman, layout_shoals, uniq_kirke
Spider:1: layout_spider_delve, drop_trap
Spider:2: cheibrodos_spider_deadly_dance, uniq_arachne
Spider:3: layout_spider_delve, nicolae_spider_webbed_stairs
Spider:4: grunt_spider_rune_circles, nicolae_spider_ant_collections
Slime:1:  layout_caves, basic_altar
Slime:2:  layout_caves
Slime:3:  layout_caves
Slime:4:  layout_caves, cheibrodos_slime_lost_civilization_6
Slime:5
Orc:1:    lemuel_ogre_cave, layout_caves, serial_shops, shop
Orc:2:    grunt_orc_community_town_hall, layout_diamond_mine,
          grunt_orc_community_big_house_1, grunt_orc_community_big_house_1,
          grunt_orc_community_house_1, grunt_orc_community_house_3,
          grunt_orc_community_house_2, grunt_orc_community_house_3,
          grunt_orc_community_house_2, grunt_orc_community_house_2
Elf:1:    elf_arrival_001, layout_onion_city, minmay_elf_demonology,
          lemuel_flamethrower_3
Elf:2:    layout_loops_ring, serial_shops, shop, minmay_misc_feat_pillars,
          minivault_20
Elf:3:    minmay_elf_hall_hex, layout_geoelf_octagon, serial_shops, shop

Skill      XL: |  1  2  3  4  5  6  7  8  9 10 11 12 13 14 15 16 17 18 19 20 21 |
---------------+----------------------------------------------------------------+-----
Throwing       | 1 2 3 4 5 6 8 9 10 11 12 13 14 15 | 15.6
Polearms       | 5 6 7 9 10 12 13 14 | 14.2
Fighting       | 4 5 7 8 9 10 11 12 13 14 15 16 17 | 17.1
Dodging        | 5 6 8 9 11 12 13 14 15 16 | 16.7
Invocations    | 3 6 8 10 12 14 15 16 17 18 19 | 19.0
Evocations     | 2 5 7 8 9 10 | 10.6
Armour         | 2 4 5 6 7 8 9 10 | 10.5
Hexes          | 2 4 5 |  5.0
Translocations | 1 3 5 6 |  6.0
Charms         | 4 5 |  5.0
Spellcasting   | 2 |  2.0
Stealth        | |  2.4

Action                   |  1- 3 |  4- 6 |  7- 9 | 10-12 | 13-15 | 16-18 | 19-21 || total
-------------------------+-------+-------+-------+-------+-------+-------+-------++-------
Melee: Spear             |   110 |    99 |       |       |       |       |       ||   209
       Trident           |       |    94 |   408 |   875 |       |    36 |       ||  1413
       Demon trident     |       |       |       |    25 |  1612 |  1848 |  1721 ||  5206
       Glaive            |       |       |       |    17 |       |       |       ||    17
       Tailslap          |       |       |       |       |       |    27 |       ||    27
Throw: Javelin           |     4 |       |       |       |       |       |       ||     4
       Dart              |       |     3 |    12 |    44 |    24 |     9 |       ||    92
       Boomerang         |       |       |     9 |       |       |   147 |   154 ||   310
       Throwing net      |       |       |       |       |     1 |       |     2 ||     3
Invok: Overgrow          |       |       |       |     1 |     1 |       |       ||     2
Evoke: Wand              |       |       |     1 |    35 |    11 |    21 |    15 ||    83
       Lamp of fire      |       |       |       |       |     1 |     1 |     1 ||     3
       Lightning rod     |       |       |       |       |       |     2 |     2 ||     4
       Fan of gales      |       |       |       |       |       |       |     1 ||     1
  Use: Scroll            |     3 |     4 |     4 |    11 |     5 |    16 |    16 ||    59
       Potion            |       |       |       |       |     2 |     5 |     5 ||    12
 Stab: Sleeping          |     3 |     1 |     3 |     4 |     4 |       |       ||    15
       Paralysed         |       |       |     3 |    28 |     9 |       |       ||    40
       Held in net/web   |       |       |       |       |     8 |       |     2 ||    10
       Distracted        |       |       |       |       |     6 |     1 |     2 ||     9
       Petrified         |       |       |       |       |       |     3 |       ||     3
  Eat: Chunk             |     2 |     7 |     9 |    16 |    29 |    32 |    23 ||   118
       Ration            |       |       |     1 |     1 |       |     1 |     4 ||     7
Armor: Robe              |     5 |       |       |       |       |       |       ||     5
       Ring mail         |       |    45 |    91 |   221 |    61 |       |       ||   418
       Swamp dragon scal |       |       |       |       |   154 |   381 |   170 ||   705
       Chain mail        |       |       |       |       |       |       |   240 ||   240
Dodge: Dodged            |    58 |    86 |   261 |   650 |   862 |  1550 |  1174 ||  4641
       Deflected         |       |       |       |       |     7 |       |       ||     7

Table legend:
 A = Non-vault XP
 B = Vault XP
 C = Vault XP percentage of total XP
 D = Non-vault monster count
 E = Vault monster count
 F = Vault count percentage of total count
                 A         B        C        D         E       F
            +---------+---------+-------+---------+---------+-------
      Total |  300911 |  246258 |  45.0 |    1021 |     443 |  30.3
            +---------+---------+-------+---------+---------+-------
        D:1 |      54 |       0 |   0.0 |      23 |       0 |   0.0
        D:2 |      49 |       1 |   2.0 |       7 |       1 |  12.5
        D:3 |      90 |      11 |  10.9 |      27 |       6 |  18.2
        D:4 |     239 |      27 |  10.2 |       8 |       8 |  50.0
        D:5 |    1001 |       0 |   0.0 |      25 |       0 |   0.0
        D:6 |     902 |      40 |   4.2 |      17 |       1 |   5.6
        D:7 |    2750 |     542 |  16.5 |      31 |      12 |  27.9
        D:8 |    1849 |     418 |  18.4 |      21 |       4 |  16.0
        D:9 |    1929 |     457 |  19.2 |      22 |       1 |   4.3
       D:10 |    1526 |       0 |   0.0 |      29 |       0 |   0.0
       D:11 |    4192 |     166 |   3.8 |      19 |       1 |   5.0
       D:12 |    8949 |     436 |   4.6 |      35 |       1 |   2.8
       D:13 |   10777 |    7601 |  41.4 |      46 |      11 |  19.3
       D:14 |    7470 |    9479 |  55.9 |      23 |      22 |  48.9
       D:15 |    5117 |    9925 |  66.0 |      24 |      17 |  41.5
     Lair:1 |    3096 |    3114 |  50.1 |      15 |       9 |  37.5
     Lair:2 |    6303 |     225 |   3.4 |      33 |       1 |   2.9
     Lair:3 |    3371 |     466 |  12.1 |      14 |       1 |   6.7
     Lair:4 |    6902 |       0 |   0.0 |      32 |       0 |   0.0
     Lair:5 |    5340 |     504 |   8.6 |      22 |       2 |   8.3
     Lair:6 |   12192 |   16191 |  57.0 |      36 |      35 |  49.3
   Shoals:1 |    8155 |    2986 |  26.8 |      17 |       1 |   5.6
   Shoals:2 |   11721 |   10621 |  47.5 |      27 |      16 |  37.2
   Shoals:3 |   13077 |    7989 |  37.9 |      30 |       9 |  23.1
   Shoals:4 |   17026 |   20626 |  54.8 |      33 |      33 |  50.0
   Spider:1 |   14063 |       0 |   0.0 |      34 |       0 |   0.0
   Spider:2 |   15897 |   11681 |  42.4 |      40 |      18 |  31.0
   Spider:3 |   18743 |    2744 |  12.8 |      57 |       4 |   6.6
   Spider:4 |   15974 |   23148 |  59.2 |      30 |      40 |  57.1
    Slime:1 |    4908 |       0 |   0.0 |       4 |       0 |   0.0
    Slime:2 |    5206 |       0 |   0.0 |      21 |       0 |   0.0
    Slime:3 |    6195 |       0 |   0.0 |      17 |       0 |   0.0
    Slime:4 |    1507 |       0 |   0.0 |       5 |       0 |   0.0
    Slime:5 |    4249 |    5671 |  57.2 |      10 |       9 |  47.4
      Orc:1 |    2068 |    8908 |  81.2 |      30 |      25 |  45.5
      Orc:2 |    3118 |    9096 |  74.5 |      33 |      72 |  68.6
      Elf:1 |   35033 |    5883 |  14.4 |      58 |       9 |  13.4
      Elf:2 |   21509 |   22517 |  51.1 |      32 |      30 |  48.4
      Elf:3 |   18364 |   64785 |  77.9 |      34 |      44 |  56.4
            +---------+---------+-------+---------+---------+-------
